 Dungeon Crawl Stone Soup version 0.26.1-11-gd32895ea62 (webtiles) character file.

Game seed: 1769030698897382834

12912 tardwrangler69 the Geomancer (level 11, -17/74 HPs)
             Began as a Red Draconian Earth Elementalist on Apr 12, 2021.
             Was a Priest of Vehumet.
             Demolished by Rupert
             ... wielding a +0 great mace of protection
              (24 damage)
             ... on level 12 of the Dungeon.
             The game lasted 00:22:37 (15853 turns).

tardwrangler69 the Geomancer (DrEE)                Turns: 15853, Time: 00:22:38

Health: -17/74     AC:  9    Str: 11    XL:     11   Next: 68%
Magic:  0/34       EV: 12    Int: 19    God:    Vehumet [***...]
Gold:   716        SH:  0    Dex: 11    Spells: 19/30 levels left

rFire    + . .     SeeInvis .   t - staff of earth
rCold    . . .     Faith    .   (no shield)
rNeg     . . .     Spirit   +   (armour unavailable)
rPois    .         Reflect  .   (helmet restricted)
rElec    .         Harm     .   H - +0 cloak
rCorr    .         Rampage  .   k - +0 pair of gloves
Will     .....                  (no boots)
Stlth    ++........             l - amulet of guardian spirit
HPRegen  0.22/turn              g - ring of wizardry
MPRegen  0.24/turn              d - ring of magical power

@: no status effects
A: breathe fire, unfitting armour, fire resistance 1, cold-blooded, AC +7
a: Breathe Fire, Renounce Religion


You were on level 12 of the Dungeon.
You worshipped Vehumet.
Vehumet was most pleased with you.
You visited 2 branches of the dungeon, and saw 13 of its levels.

You collected 716 gold pieces.

Inventory:

Hand Weapons
 f - a +1 short sword
Missiles
 b - 231 stones
Armour
 k - a +0 pair of gloves (worn)
 H - a +0 cloak (worn)
Magical Staves
 t - an uncursed staff of earth (weapon)
Jewellery
 d - a ring of magical power (right hand)
 g - a ring of wizardry (left hand)
 l - an amulet of guardian spirit (around neck)
 I - a cursed ring of attention {unknown}
 M - a cursed amulet of inaccuracy {unknown}
Wands
 i - a wand of paralysis (9)
 n - a wand of acid (6)
 J - a wand of digging (4)
Scrolls
 h - 3 scrolls of fog
 m - 9 scrolls of teleportation
 r - a scroll of remove curse
 u - 5 scrolls of identify
 v - 3 scrolls of amnesia
 y - a scroll of enchant armour {unknown}
 z - 2 scrolls of noise {unknown}
 B - a scroll of random uselessness {unknown}
 C - 3 scrolls of magic mapping
 E - a scroll of brand weapon {unknown}
 G - 2 scrolls of acquirement {unknown}
 K - 2 scrolls of fear {unknown}
 L - a scroll of blinking
Potions
 a - 3 potions of lignification {unknown}
 c - 2 potions of heal wounds {unknown}
 e - 2 potions of brilliance {unknown}
 j - 4 potions of attraction {unknown}
 o - 4 potions of curing
 p - 5 potions of degeneration {unknown}
 q - 2 potions of flight {unknown}
 s - a potion of haste
 w - a potion of mutation {unknown}
 x - 3 potions of invisibility {unknown}
 A - 3 potions of resistance {unknown}
 D - a potion of ambrosia {unknown}
 F - 2 potions of might {unknown}


   Skills:
 - Level 1.7 Dodging
 - Level 1.7 Stealth
 + Level 10.2 Spellcasting
 - Level 1.0 Transmutations
 * Level 14.9 Earth Magic


You had 19 spell levels left.
You knew the following spells:

 Your Spells              Type           Power        Failure   Level
a - Sandblast             Erth           100%         0%          1
b - Stone Arrow           Conj/Erth      100%         1%          3
c - Passwall              Tmut/Erth      47%          1%          2
d - Lee's Rapid Deconstr  Erth           39%          1%          5

Your spell library contained the following spells:

 Spells                   Type           Power        Failure   Level
 Inner Flame              Hex/Fire       9%           2%          3
 Petrify                  Tmut/Erth      57%          1%          4


Dungeon Overview and Level Annotations

Branches:
Dungeon (12/15)            Temple (1/1) D:7            Lair (0/6) D:10
    Orc (0/2) D:9

Altars:
Ashenzari
Cheibriados
Dithmenos
Elyvilon
Fedhas
Gozag
Hepliaklqana
Kikubaaqudgha
Makhleb
Nemelex Xobeh
Okawaru
Qazlal
Ru
Sif Muna
Trog
Uskayaw
Vehumet
Wu Jian
Xom
Yredelemnul
Zin
The Shining One

Shops:
D:5 (   D:6 :   D:12 *

Annotations:
D:7 exclusion: downstairs
D:9 exclusion: downstairs
D:12 Rupert


Innate Abilities, Weirdness & Mutations

You can breathe blasts of fire.
Your fiery red scales are hard. (AC +7)
You cannot fit into any form of body armour.
Your flesh is heat resistant. (rF+)
You are cold-blooded and may be slowed by cold attacks.


Message History

Aiming: Sandblast (safe; 0% risk of failure)
Press: ? - help, Shift-Dir - straight line, f/p - Rupert
Aim: Rupert, wielding a +0 great mace of protection and wearing a +0 ring mail (severely wounded, berserk, 14% to evade)
You feel a surge of power!
The blast of sand hits Rupert!
Rupert is severely wounded.
Rupert hits you with a +0 great mace of protection.
Casting: Sandblast (safe; 0% risk of failure)
Confirm with . or Enter, or press ? or * to list all spells.
Aiming: Sandblast (safe; 0% risk of failure)
Press: ? - help, Shift-Dir - straight line, f/p - Rupert
Aim: Rupert, wielding a +0 great mace of protection and wearing a +0 ring mail (severely wounded, berserk, 14% to evade)
You feel a surge of power!
The blast of sand hits Rupert!
Rupert is almost dead.
Rupert hits you with a +0 great mace of protection!!
* * * LOW HITPOINT WARNING * * *
Rupert hits you with a +0 great mace of protection!
* * * LOW HITPOINT WARNING * * *
You see here 17 arrows.
Rupert hits you with a +0 great mace of protection!!
You die...

##.##.)(##.......#
...<..?....# #..#
...##..#####
##..### ### #..#
..... #..# #..#
#..########..#
#.?.......(..#
######.###.#####@#
.......###.# #@#
######.Y...### #.#
#.......# #.#
##.####.###.# #.#
#.##(<# #)#
#Y##.## #)# #.##.#
#.# #.##.# #)#
#B##.#


You could see Rupert (berserk).

Vanquished Creatures
  A hydra (D:12)
  Harold (D:11)
  Erica (D:9)
  A two-headed ogre (D:6)
  A death yak (D:10)
  Pikel (D:8)
  An ugly thing (D:11)
  A centaur zombie (D:10)
  2 gargoyles (D:12)
  3 trolls (D:11)
  10 yaks
  2 wyverns
  A steam dragon (D:11)
  An acid dragon (D:11)
  A soldier ant (D:11)
  A water moccasin (D:9)
  Duvessa (D:7)
  3 black bears
  4 ice beasts
  7 orc warriors
  A necrophage (D:9)
  4 ogres
  A phantom (D:8)
  3 centaurs
  3 big kobolds
  4 bullfrogs
  A gnoll sergeant (D:8)
  5 scorpions
  Dowan (D:7)
  2 howler monkeys
  3 jellies
  4 quasits
  A bullfrog zombie (D:7)
  A centaur skeleton (D:7)
  10 orc priests
  3 bullfrog skeletons
  3 hounds
  An iguana (D:4)
  9 worker ants
  20 orc wizards
  A mummy (D:5)
  17 gnolls
  10 adders
  A howler monkey skeleton (D:5)
  3 shadow imps
  3 white imps
  2 oozes
  3 adder skeletons
  An adder zombie (D:8)
  3 worms
  4 dart slugs
  3 leopard geckos
  48 orcs
  10 bats
  7 giant cockroaches
  4 goblins
  5 hobgoblins
  7 jackals
  17 kobolds
  4 quokkas
  A ball python (D:2)
  7 frilled lizards
  A hobgoblin zombie (D:5)
  A jackal skeleton (D:6)
  2 kobold zombies (D:5)
  An orc zombie (D:5)
  A quokka zombie (D:6)
  7 rats
298 creatures vanquished.

Notes
Turn   | Place    | Note
-------+----------+-------------------------------------------
     0 | D:1      | tardwrangler69 the Draconian Earth Elementalist began the
                  | quest for the Orb.
     0 | D:1      | Reached XP level 1. HP: 14/14 MP: 3/3
   332 | D:1      | Reached XP level 2. HP: 18/20 MP: 5/5
  1311 | D:2      | Reached XP level 3. HP: 19/26 MP: 6/6
  1481 | D:2      | Reached skill level 4 in Earth Magic
  1793 | D:2      | Reached XP level 4. HP: 29/33 MP: 4/8
  2997 | D:3      | Reached skill level 5 in Earth Magic
  2997 | D:3      | Reached XP level 5. HP: 21/38 MP: 3/9
  4242 | D:3      | Learned a level 3 spell: Stone Arrow
  4245 | D:3      | Learned a level 2 spell: Passwall
  4732 | D:4      | Reached XP level 6. HP: 34/45 MP: 11/11
  5081 | D:4      | Reached skill level 6 in Earth Magic
  5897 | D:5      | Entered Level 5 of the Dungeon
  5968 | D:5      | Found Jegix's Antique Weapon Emporium.
  6018 | D:5      | Your scales start taking on a fiery red colour.
  6018 | D:5      | Reached XP level 7. HP: 50/50 MP: 13/13
  6018 | D:5      | Gained mutation: Your flesh is heat resistant. (rF+) [Red
                  | Draconian growth]
  6364 | D:5      | Reached skill level 7 in Earth Magic
  7027 | D:5      | Learned a level 5 spell: Lee's Rapid Deconstruction
  7114 | D:6      | Reached skill level 5 in Spellcasting
  7146 | D:6      | Found Tyteut's Book Emporium.
  7150 | D:6      | Reached skill level 8 in Earth Magic
  7208 | D:6      | Reached XP level 8. HP: 50/57 MP: 15/15
  7863 | D:6      | Noticed a two-headed ogre
  7865 | D:6      | Reached skill level 9 in Earth Magic
  7867 | D:6      | Killed a two-headed ogre
  7868 | D:6      | Reached skill level 10 in Earth Magic
  7868 | D:6      | Reached XP level 9. HP: 37/62 MP: 3/18
  8346 | D:7      | Noticed Dowan
  8351 | D:7      | Killed Dowan
  8359 | D:7      | Noticed Duvessa
  8364 | D:7      | Killed Duvessa
  8510 | D:7      | Found a staircase to the Ecumenical Temple.
  8546 | Temple   | Entered the Ecumenical Temple
  8727 | Temple   | Became a worshipper of Vehumet
  8895 | D:7      | Reached skill level 11 in Earth Magic
  9912 | D:8      | Noticed Pikel
  9917 | D:8      | Killed Pikel
  9918 | D:8      | Reached XP level 10. HP: 51/69 MP: 8/21
  9957 | D:8      | Reached skill level 12 in Earth Magic
 10099 | D:8      | Reached * piety under Vehumet
 10099 | D:8      | Offered knowledge of Magic Dart by Vehumet.
 10692 | D:8      | Found an opulent altar of Gozag.
 10706 | D:8      | Found a hide-covered altar of Uskayaw.
 10707 | D:8      | Noticed a +0 dagger
 10708 | D:8      | Noticed a +0 hand axe
 11099 | D:9      | Noticed Erica
 11116 | D:9      | Killed Erica
 11846 | D:9      | Found a staircase to the Orcish Mines.
 12191 | D:9      | Reached skill level 13 in Earth Magic
 12203 | D:9      | Offered knowledge of Shock by Vehumet.
 12206 | D:9      | Reached ** piety under Vehumet
 12421 | D:10     | Entered Level 10 of the Dungeon
 12556 | D:10     | Noticed a death yak
 12557 | D:10     | Noticed a death yak
 12561 | D:10     | Noticed a death yak
 12565 | D:10     | Killed a death yak
 12994 | D:10     | Reached XP level 11. HP: 74/74 MP: 20/24
 13421 | D:10     | Found a staircase to the Lair.
 13867 | D:11     | Noticed a purple ugly thing
 13873 | D:11     | Killed a purple ugly thing
 13874 | D:11     | Reached skill level 14 in Earth Magic
 14115 | D:11     | Noticed Harold
 14120 | D:11     | Killed Harold
 14662 | D:11     | Offered knowledge of Inner Flame by Vehumet.
 14912 | D:12     | Noticed a boulder beetle
 14940 | D:11     | HP: 2/74 [boulder beetle (15)]
 14946 | D:11     | HP: 2/74 [poisoned by a worker ant]
 15434 | D:12     | Found Tyaxypar's General Store.
 15438 | D:12     | Reached *** piety under Vehumet
 15458 | D:12     | Reached skill level 10 in Spellcasting
 15543 | D:12     | Noticed a seven-headed hydra
 15559 | D:12     | Killed a seven-headed hydra
 15838 | D:12     | Noticed Rupert
 15853 | D:12     | Demolished by Rupert

Illustrated notes

Levels and vault maps discovered:
D:1:      amcnicky_arrival_abandoned_market, layout_basic,
          chequers_serial_rivers_room_b, minmay_misc_feat_doors,
          nrook_loot_triangle, chequers_hall_statues_y
D:2:      layout_loops_ring, minmay_close_crescents
D:3:      layout_loops_corners
D:4:      layout_basic
D:5:      layout_gridville, serial_shops, shop, minmay_mini_ossuary
D:6:      minmay_cornered_nines, layout_cave_pools, serial_shops, shop
D:7:      layout_basic, minmay_temple_entry_crystal_x, moated_statue,
          uniq_duvessa
D:8:      layout_basic, dancing_weapons_uskayaw, basic_altar, uniq_pikel
D:9:      layout_irregular_city, orc_0_dummy, uniq_erica
D:10:     layout_stronghold, dpeg_lair_monsters
D:11:     layout_irregular_city, uniq_harold
D:12:     layout_loops_ring, serial_shops, shop, uniq_rupert
Temple:   kilobyte_greek_temple

Skill      XL: |  1  2  3  4  5  6  7  8  9 10 11 |
---------------+----------------------------------+-----
Earth Magic    | 4 5 6 8 10 11 13 14 | 14.9
Spellcasting   | 3 4 5 6 7 9 10 | 10.2
Dodging        | |  1.7
Stealth        | |  1.7
Transmutations | |  1.0

Action                   |  1- 3 |  4- 6 |  7- 9 | 10-12 || total
-------------------------+-------+-------+-------+-------++-------
Melee: Unarmed           |    62 |       |       |       ||    62
       Tailslap          |     9 |    22 |    19 |     4 ||    54
       Short sword       |    56 |   153 |       |       ||   209
       Staff             |       |   124 |   135 |    52 ||   311
 Cast: Sandblast         |     9 |    43 |    89 |    74 ||   215
       Stone Arrow       |       |       |    12 |    83 ||    95
       Lee's Rapid Decon |       |       |    10 |    55 ||    65
 Abil: Breathe Fire      |       |       |     1 |       ||     1
  Use: Scroll            |     2 |     5 |       |     2 ||     9
 Stab: Sleeping          |     3 |     5 |       |     1 ||     9
Armor: Skin              |    32 |   134 |    56 |    75 ||   297
Dodge: Dodged            |    96 |   181 |    97 |   115 ||   489
